 Dungeon Crawl Stone Soup version 0.23-a0-650-ga4d50d4 (webtiles) character file.

11325 Lanoc the Cleaver (level 11, -1/98 (99) HPs)
             Began as a Hill Orc Monk on Jan 3, 2019.
             Was a High Priest of Beogh.
             Killed by drain life
             ... invoked by a soul eater
             ... summoned by an orc high priest
              (19 damage)
             ... on level 2 of the Orcish Mines.
             The game lasted 00:26:21 (9684 turns).

Lanoc the Cleaver (Hill Orc Monk)                   Turns: 9684, Time: 00:26:23

HP:   -1/98 (99)    AC: 18    Str: 22    XL:     11   Next: 76%
MP:   17/17         EV: 11    Int: 10    God:    Beogh [*****.]
Gold: 923           SH:  0    Dex: 13    Spells: 10/10 levels left

rFire    . . .     SeeInvis .   k - +6 battleaxe (freeze)
rCold    . . .     Gourm    .   (shield currently unavailable)
rNeg     . . .     Faith    .   h - +1 chain mail of Supple Strength {Slay+3}
rPois    .         Spirit   .   s - +2 helmet
rElec    .         Reflect  .   A - +0 cloak
rCorr    .         Harm     .   q - +0 pair of gloves
MR       .....                  (no boots)
Stlth    ..........             (no amulet)
HPRegen  0.26/turn              o - +4 ring of strength
MPRegen  0.15/turn              u - ring of attention (curse)

@: no status effects
A: walk on water
a: Smiting, Recall Orcish Followers, Give Item to Named Follower, Renounce
Religion


You were on level 2 of the Orcish Mines.
You worshipped Beogh.
Beogh was extremely pleased with you.
You were not hungry.

You visited 3 branches of the dungeon, and saw 12 of its levels.

You collected 1393 gold pieces.
You spent 470 gold pieces at shops.

Inventory:

Hand Weapons
 k - a +6 battleaxe of freezing (weapon)
Armour
 h - the +1 chain mail of Supple Strength (worn) {Slay+3}
   (You found it on level 8 of the Dungeon)

   It affects your accuracy and damage with ranged weapons and melee attacks
   (+3).
 q - a +0 pair of gloves (worn)
 s - a +2 helmet (worn)
 A - a +0 cloak (worn)
 D - a +2 plate armour of fire resistance
Jewellery
 d - a +3 ring of dexterity
 g - an uncursed ring of protection from magic
 o - a +4 ring of strength (left hand)
 u - a cursed ring of attention (right hand)
Wands
 b - a wand of polymorph (8)
 p - a wand of flame (20)
Scrolls
 a - 2 scrolls of identify
 e - 3 scrolls of magic mapping
 i - a scroll of enchant armour
 n - 3 scrolls of teleportation
 t - a scroll of fear
 x - 2 scrolls of remove curse {unknown}
 y - a scroll of blinking
Potions
 f - 2 potions of curing
 j - a potion of magic
 l - 2 potions of agility
 m - a potion of mutation
 r - a potion of brilliance
 v - a potion of flight
 w - 3 potions of might
 z - 3 potions of heal wounds
 C - a potion of invisibility
 E - a potion of cancellation
Miscellaneous
 B - a box of beasts
Comestibles
 c - 17 rations
 F - 11 chunks of flesh


   Skills:
 + Level 9.9 Fighting
 * Level 14.2 Axes
 + Level 8.3 Armour
 + Level 6.9 Dodging
 - Level 1.5 Stealth
 + Level 8.0 Invocations


You had 10 spell levels left.
You didn't know any spells.
Your spell library contained the following spells:

 Spells                   Type           Power        Failure   Level  Hunger
 Animate Skeleton         Necr           N/A          94%         1    ##.....
 Apportation              Tloc           #.....       94%         1    ##.....
 Beastly Appendage        Tmut           #.....       94%         1    ##.....
 Confusing Touch          Hex            #.....       94%         1    ##.....
 Summon Small Mammal      Summ           #...         94%         1    ##.....
 Sticks to Snakes         Tmut           #.......     98%         2    ###....
 Spider Form              Tmut/Pois      #.........   100%        3    ####...
 Ice Form                 Ice/Tmut       #.......     100%        4    #####..
 Blade Hands              Tmut           #.........   100%        5    ######.


Dungeon Overview and Level Annotations

Branches:
Dungeon (9/15)             Temple (1/1) D:4             Orc (2/2) D:9
    Elf (0/3) Orc:2
   Lair: D:8-11

Altars:
Ashenzari
Cheibriados
Dithmenos
Elyvilon
Gozag
Hepliaklqana
Kikubaaqudgha
Makhleb
Nemelex Xobeh
Okawaru
Qazlal
Ru
Sif Muna
Trog
Uskayaw
Vehumet
Wu Jian
Xom
Yredelemnul
Zin
The Shining One
Beogh

Shops:
D:7 !   Orc:1 =   Orc:2 !=

Annotations:
D:4 Edmund


Message History

It shouts, "I'll follow thee gladly!"
You slash the orc knight! You freeze the orc knight.
The orc knight is severely wounded.
The orc priest no longer looks unusually strong.
The orc warrior no longer looks unusually strong.
The orc warlord roars a battlecry!
The orcs go into a battle-frenzy!
The orc knight hits you but does no damage.
The soul eater hits Herok.
Your orc knight roars a battlecry!
The orc sorcerer hits Herok but does no damage.
The orc wizard casts a cantrip, but nothing happens.
You slice the orc knight!! You freeze the orc knight.
The orc knight falls to its knees.
It yells, "Beogh is my god, I swear it!"
Your orc knight is almost dead.
The orc sorcerer no longer looks unusually strong.
The soul eater draws from the surrounding life force!
You die...
Beogh appreciates the soul eater's killing of a heretic priest. #######o..##########((...##...##. o##.##oo### #...###(#.......... oooooo.##

#. #...# #.(.....#.#.. .##.#..#
#.. .o.####..)........
.#....##.8##)###'##8.#........#.#
....#.# .)ooho4..))..'.8.......##
......# ...oo383o.o..'..........#
....#.# .)ohooooooo.ooo8.........
......##.8##o###@##8.#...........
.......# #)o.####........#..
.......## #...# #.......####.
........### #...###......###
.....#....##########......oo.###
............†...........#......##
....o...........................#
.#####......)................#.##
##...##.....................#.##


You could see an orc warlord, 2 soul eaters, 2 wargs, an orc sorcerer, a red
devil, 3 orc warriors, an orc priest, an orc wizard, 3 friendly orc knights, the
friendly Herok the orc knight (paralysed), 2 friendly orc warriors, a friendly
orc priest, a friendly orc wizard and 5 friendly orcs.

Vanquished Creatures
  An orc knight (Orc:1)
  An ugly thing (D:8)
  A troll (Orc:2)
  A wraith (Orc:2)
  A wyvern (D:9)
  A fire elemental (Orc:2)
  Sigmund (D:6)
  4 wargs (Orc:2)
  3 hell hounds (Orc:2)
  5 orc warriors
  A phantom (D:6)
  2 sky beasts
  A hornet zombie (D:9)
  2 ice beasts (D:7)
  3 ogres
  A necrophage (D:9)
  3 wolves (Orc:2)
  A centaur (D:5)
  A big kobold (D:9)
  2 bullfrogs (D:6)
  4 scorpions
  2 killer bees (D:7)
  3 wights
  2 howler monkeys
  2 bullfrog zombies (D:5)
  3 crimson imps
  2 hounds
  12 orc wizards
  A bullfrog skeleton (D:4)
  3 jellies
  10 orc priests
  2 iguanas
  A centaur skeleton (D:4)
  Terence (D:3)
  8 worker ants
  A hound skeleton (D:4)
  A mummy (D:9)
  A howler monkey zombie (D:8)
  3 worker ant zombies
  Robin (D:3)
  11 adders
  2 gnolls (D:7)
  4 shadow imps
  3 oozes
  An adder skeleton (D:7)
  4 worms
  3 leopard geckos
  28 orcs
  A ball python (D:3)
  9 bats
  5 giant cockroaches
  18 goblins
  8 hobgoblins
  15 jackals
  A quokka (D:2)
  6 frilled lizards
  A jackal skeleton (D:4)
  12 kobolds
  14 rats
245 creatures vanquished.

Vanquished Creatures (collateral kills)
  Rupert (Orc:2)
  A stone giant (Orc:2)
  Azrael (Orc:2)
  Josephine (Orc:2)
  Urug (Orc:2)
  An orc sorcerer (Orc:1)
  A hippogriff (D:9)
  3 wraiths (Orc:2)
  A fire elemental (Orc:2)
  A warg (Orc:2)
  A sky beast (D:7)
  A phantom (D:7)
  3 orc warriors
  A necrophage (D:9)
  An ogre (D:9)
  A wolf (Orc:2)
  A centaur (D:9)
  A bullfrog (D:8)
  4 killer bees (D:7)
  5 wights
  A hound (D:9)
  2 orc priests
  An iguana (D:9)
  3 orc wizards
  A worker ant (D:9)
  A hound skeleton (D:9)
  A mummy (D:9)
  2 gnolls (D:7)
  2 adders
  9 orcs
  2 jackals
  A goblin (Orc:2)
57 creatures vanquished.

Vanquished Creatures (others)
  8 orc warriors (Orc:2)
  6 orc wizards
  6 orc priests
  38 orcs
58 creatures vanquished.

Grand Total: 360 creatures vanquished

Notes
Turn   | Place    | Note
-------+----------+-------------------------------------------
     0 | D:1      | Lanoc the Hill Orc Monk began the quest for the Orb.
     0 | D:1      | Reached XP level 1. HP: 19/19 MP: 1/1
   382 | D:1      | Reached XP level 2. HP: 24/27 MP: 2/2
   531 | D:1      | Reached skill level 1 in Armour
   619 | D:1      | Reached XP level 3. HP: 28/33 MP: 3/3
   939 | D:2      | Found a glowing silver altar of Zin.
   943 | D:2      | Noticed an angel
   953 | D:2      | Found a shimmering altar of Xom.
  1149 | D:2      | Reached skill level 5 in Axes
  1239 | D:2      | Reached XP level 4. HP: 35/40 MP: 4/4
  1779 | D:2      | Reached XP level 5. HP: 45/47 MP: 5/5
  1887 | D:3      | Found an ornate altar of the Wu Jian Council.
  2162 | D:3      | Noticed Robin
  2176 | D:3      | Killed Robin
  2259 | D:3      | Noticed Terence
  2283 | D:3      | Killed Terence
  2283 | D:3      | Reached skill level 6 in Axes
  2596 | D:4      | Reached XP level 6. HP: 49/53 MP: 6/6
  2690 | D:4      | Found a staircase to the Ecumenical Temple.
  2695 | Temple   | Entered the Ecumenical Temple
  2823 | D:4      | Found a hide-covered altar of Uskayaw.
  2826 | D:4      | Found a basalt altar of Yredelemnul.
  2847 | D:4      | Reached skill level 5 in Fighting
  2938 | D:4      | Became a worshipper of Beogh the Brigand
  2938 | D:4      | Reached * piety under Beogh
  2938 | D:4      | Reached ** piety under Beogh
  3137 | D:4      | Found an opulent altar of Gozag.
  3168 | D:4      | Reached skill level 7 in Axes
  3169 | D:4      | Reached XP level 7. HP: 21/61 MP: 7/7
  3198 | D:4      | Noticed a moth of wrath
  3201 | D:4      | Found a bloodstained altar of Trog.
  3632 | D:5      | Entered Level 5 of the Dungeon
  4027 | D:5      | Reached skill level 8 in Axes
  4133 | D:5      | Reached XP level 8. HP: 7/70 MP: 8/8
  4488 | D:5      | Noticed Edmund
  4995 | D:5      | Reached *** piety under Beogh
  5186 | D:5      | Reached skill level 9 in Axes
  5640 | D:6      | Reached skill level 1 in Invocations
  5737 | D:6      | Noticed Sigmund
  5770 | D:6      | Found a shattered altar of Ashenzari.
  5786 | D:6      | Killed Sigmund
  5786 | D:6      | Reached skill level 5 in Armour
  6098 | D:7      | Reached XP level 9. HP: 48/78 MP: 10/10
  6103 | D:7      | Reached skill level 10 in Axes
  6188 | D:7      | Found a stormy altar of Qazlal.
  6246 | D:7      | Found Icsyamn's Distillery.
  6249 | D:7      | Bought a potion of lignification for 39 gold pieces
  6249 | D:7      | Bought a potion of flight for 39 gold pieces
  6249 | D:7      | Bought a potion of might for 52 gold pieces
  6271 | D:7      | Gained Herok as an ally
  6282 | D:7      | Reached skill level 5 in Dodging
  6647 | D:7      | Reached **** piety under Beogh
  6986 | D:8      | Reached skill level 11 in Axes
  7153 | D:8      | Got a fine chain mail
  7164 | D:8      | Identified the +1 chain mail of Supple Strength {Slay+3}
                  | (You found it on level 8 of the Dungeon)
  7423 | D:8      | Noticed a white ugly thing
  7427 | D:8      | Killed a white ugly thing
  7427 | D:8      | Reached XP level 10. HP: 60/88 MP: 13/13
  7715 | D:9      | Reached skill level 5 in Invocations
  7739 | D:9      | Reached ***** piety under Beogh
  7794 | D:9      | Found a staircase to the Orcish Mines.
  7802 | D:9      | Found a sacrificial altar of Ru.
  7805 | D:9      | Found an ancient bone altar of Kikubaaqudgha.
  7808 | D:9      | Found a shattered altar of Ashenzari.
  7916 | D:9      | Reached skill level 12 in Axes
  8481 | Orc:1    | Entered Level 1 of the Orcish Mines
  8483 | Orc:1    | Noticed an orc knight
  8492 | Orc:1    | Killed an orc knight
  8521 | Orc:1    | Noticed an orc sorcerer
  8522 | Orc:1    | Found Bamoprox's Jewellery Shoppe.
  8529 | Orc:1    | Noticed a sun demon
  8530 | Orc:1    | Killed an orc sorcerer
  8687 | Orc:1    | Found a burning altar of Makhleb.
  8769 | Orc:2    | Entered Level 2 of the Orcish Mines
  8769 | Orc:2    | Found a staircase to the Elven Halls.
  8787 | Orc:2    | Noticed Azrael
  8797 | Orc:2    | Killed Azrael
  8797 | Orc:2    | Reached skill level 13 in Axes
  8798 | Orc:2    | Reached XP level 11. HP: 75/96 MP: 15/15
  8849 | Orc:2    | Found a roughly hewn altar of Beogh.
  8891 | Orc:2    | Found a roughly hewn altar of Beogh.
  8973 | Orc:2    | Noticed a stone giant
  8984 | Orc:2    | Killed a stone giant
  9097 | Orc:2    | Noticed Josephine
  9100 | Orc:2    | Noticed Rupert
  9105 | Orc:2    | Killed Josephine
  9109 | Orc:2    | HP: 4/96 [Rupert/+1 great mace of protection (27)]
  9112 | Orc:2    | Killed Rupert
  9478 | Orc:2    | Found a roughly hewn altar of Beogh.
  9479 | Orc:2    | Noticed Urug
  9482 | Orc:2    | Found Meiq's Distillery.
  9487 | Orc:2    | Killed Urug
  9487 | Orc:2    | Reached skill level 14 in Axes
  9494 | Orc:2    | Bought a potion of invisibility for 80 gold pieces
  9494 | Orc:2    | Bought a potion of cancellation for 80 gold pieces
  9494 | Orc:2    | Bought a potion of heal wounds for 50 gold pieces
  9494 | Orc:2    | Bought a potion of might for 40 gold pieces
  9494 | Orc:2    | Bought a potion of heal wounds for 50 gold pieces
  9494 | Orc:2    | Bought a potion of agility for 40 gold pieces
  9595 | Orc:2    | Found a roughly hewn altar of Beogh.
  9618 | Orc:2    | Found Nerod's Jewellery Boutique.
  9670 | Orc:2    | Noticed an orc high priest
  9671 | Orc:2    | Noticed an orc warlord
  9671 | Orc:2    | Noticed an orc sorcerer
  9675 | Orc:2    | Noticed a soul eater
  9675 | Orc:2    | Noticed an orc knight
  9678 | Orc:2    | Noticed a soul eater
  9684 | Orc:2    | Killed from afar by a soul eater

Vault maps used:
D:1:      dpeg_arrival_lava_altar, minmay_tetromino_i4
D:2:      minmay_chambers_of_twos, grunt_temple_overflow_order_and_chaos_1,
          grunt_ministairs_12, serial_bayou_ford_a
D:3:      lemuel_doored_altar, kennysheep_boxes, uniq_terence, uniq_robin
D:4:      tgw_trog, nicolae_overflow_hidden_temple,
          minmay_temple_entry_proselytizer, first_ration
D:5:      uniq_edmund
D:6:      nicolae_ashenzari_panopticon, uniq_sigmund
D:7:      overflow_temple_1_default, serial_shops, kennysheep_mini
D:9:      grunt_temple_overflow_diamond, orc_0_dummy, serial_undead,
          serial_undead_d, serial_undead_a, serial_undead_e, serial_undead_e
Temple:   compressed_dpeg_circular_temple
Orc:1:    serial_shops, shop, basic_altar
Orc:2:    grunt_orc_community_town_hall, grunt_orc_community_big_house_2,
          grunt_orc_community_big_house_2, grunt_orc_community_house_1,
          grunt_orc_community_house_3, grunt_orc_community_house_3,
          grunt_orc_community_house_3, mines5_lemuel, uniq_urug, uniq_azrael,
          uniq_rupert, uniq_josephine

Skill      XL: |  1  2  3  4  5  6  7  8  9 10 11 |
---------------+----------------------------------+-----
Armour         | 1 2 3 4 5 6 7 8 |  8.3
Fighting       | 4 5 6 8 9 |  9.9
Axes           | 5 6 7 8 9 11 13 14 | 14.2
Dodging        | 3 4 5 6 |  6.9
Invocations    | 2 4 6 8 |  8.0
Stealth        | |  1.5

Action                   |  1- 3 |  4- 6 |  7- 9 | 10-12 || total
-------------------------+-------+-------+-------+-------++-------
Melee: Hand axe          |   125 |   256 |   451 |       ||   832
       Battleaxe         |       |       |    34 |   120 ||   154
Invok: Convert to Beogh  |       |     1 |       |       ||     1
       Smiting           |       |       |       |     2 ||     2
  Use: Scroll            |       |     9 |     8 |       ||    17
       Potion            |       |       |     5 |       ||     5
 Stab: Sleeping          |     2 |     3 |       |       ||     5
       Distracted        |       |       |     1 |     2 ||     3
  Eat: Chunk             |       |     7 |    11 |     4 ||    22
       Ration            |       |       |     1 |     1 ||     2
Armor: Robe              |    21 |    11 |       |       ||    32
       Leather armour    |       |    12 |       |       ||    12
       Chain mail        |       |    49 |     9 |    77 ||   135
       Scale mail        |       |       |   202 |       ||   202
Dodge: Dodged            |    76 |   152 |   242 |    75 ||   545

Table legend:
 A = Non-vault XP
 B = Vault XP
 C = Vault XP percentage of total XP
 D = Non-vault monster count
 E = Vault monster count
 F = Vault count percentage of total count
                 A         B        C        D         E       F
            +---------+---------+-------+---------+---------+-------
      Total |    8205 |    7974 |  49.3 |     228 |      74 |  24.5
            +---------+---------+-------+---------+---------+-------
        D:1 |      39 |       3 |   7.1 |      24 |       3 |  11.1
        D:2 |      81 |      45 |  35.7 |      19 |       9 |  32.1
        D:3 |      63 |      69 |  52.3 |      19 |      12 |  38.7
        D:4 |     610 |       5 |   0.8 |      30 |       5 |  14.3
        D:5 |     718 |       0 |   0.0 |      29 |       0 |   0.0
        D:6 |     449 |     197 |  30.5 |       7 |       1 |  12.5
        D:7 |    1106 |       0 |   0.0 |      28 |       0 |   0.0
        D:8 |    1522 |       0 |   0.0 |      26 |       0 |   0.0
        D:9 |    1136 |     468 |  29.2 |      25 |      10 |  28.6
      Orc:1 |    1413 |       0 |   0.0 |      14 |       0 |   0.0
      Orc:2 |    1068 |    7187 |  87.1 |       7 |      34 |  82.9
            +---------+---------+-------+---------+---------+-------
